 Dungeon Crawl Stone Soup version 0.27-a0-978-g2aa4ecdaef (webtiles) character file.

Game seed: 2716297966850046120

27 tardwrangler69 the Digger (level 2, -1/20 HPs)
             Began as a Draconian Earth Elementalist on Apr 14, 2021.
             Slain by Terence
             ... wielding a +0 falchion
              (2 damage)
             ... on level 2 of the Dungeon.
             The game lasted 00:02:13 (1772 turns).

tardwrangler69 the Digger (DrEE)                    Turns: 1772, Time: 00:02:14

Health: -1/20      AC:  4    Str: 10    XL:     2   Next: 93%
Magic:  2/5        EV: 12    Int: 15    God:
Gold:   27         SH:  0    Dex: 11    Spells: 4/5 levels left

rFire    . . .     SeeInvis .   f - +0 short sword
rCold    . . .     Faith    .   (no shield)
rNeg     . . .     Spirit   .   (armour unavailable)
rPois    .         Reflect  .   (helmet restricted)
rElec    .         Harm     .   (no cloak)
rCorr    .         Rampage  .   (no gloves)
Will     .....                  (no boots)
Stlth    ++........             (no amulet)
HPRegen  0.06/turn              (no ring)
MPRegen  0.09/turn              (no ring)

@: no status effects
A: AC +4, unfitting armour, cold-blooded
a: no special abilities


You were on level 2 of the Dungeon.
You visited 1 branch of the dungeon, and saw 2 of its levels.

You collected 27 gold pieces.

Inventory:

Hand Weapons
 f - a +0 short sword (weapon)
Missiles
 b - 46 stones
Scrolls
 a - a scroll of magic mapping {unknown}
 c - a scroll of teleportation {unknown}
 h - a scroll of enchant weapon {unknown}
 i - a scroll of noise {unknown}
 j - a scroll of identify {unknown}
 k - a scroll of amnesia {unknown}
 n - a scroll of fear {unknown}
Potions
 d - 3 potions of mutation {unknown}
 e - a potion of magic {unknown}
 g - a potion of haste {unknown}
 l - a potion of attraction {unknown}
 m - a potion of curing {unknown}


   Skills:
 - Level 1.7 Dodging
 - Level 1.7 Stealth
 + Level 2.4 Spellcasting
 - Level 1.0 Transmutations
 * Level 3.8 Earth Magic


You had 4 spell levels left.
You knew the following spells:

 Your Spells              Type           Power      Damage    Failure   Level
a - Sandblast             Erth           26%        2d8       4%          1

Your spell library contained the following spells:

 Spells                   Type           Power      Damage    Failure   Level
 Passwall                 Tmut/Erth      7%         N/A       12%         2
 Stone Arrow              Conj/Erth      14%        3d7       28%         3
 Petrify                  Tmut/Erth      9%         N/A       61%         4
 Lee's Rapid Deconstruct  Erth           6%         3d7*      77%         5


Dungeon Overview and Level Annotations

Branches:
Dungeon (2/15)

Altars:

Annotations:
D:2 Terence


Innate Abilities, Weirdness & Mutations

Your plain brown scales are hard. (AC +4)
You cannot fit into any form of body armour.
You are cold-blooded and may be slowed by cold attacks.


Message History

Casting: Sandblast (safe; 4% risk of failure)
Confirm with . or Enter, or press ? or * to list all spells.
Aiming: Sandblast (safe; 4% risk of failure)
Press: ? - help, Shift-Dir - straight line, f/p - Terence
Aim: Terence, wielding a +0 falchion and wearing a +0 chain mail (15% to evade)
The blast of sand hits Terence but does no damage.
Terence says, "You're history."
Terence barely misses you.
Casting: Sandblast (safe; 4% risk of failure)
Confirm with . or Enter, or press ? or * to list all spells.
Aiming: Sandblast (safe; 4% risk of failure)
Press: ? - help, Shift-Dir - straight line, f/p - Terence
Aim: Terence, wielding a +0 falchion and wearing a +0 chain mail (15% to evade)
The blast of sand hits Terence but does no damage.
Terence closely misses you.
Casting: Sandblast (safe; 4% risk of failure)
Confirm with . or Enter, or press ? or * to list all spells.
Aiming: Sandblast (safe; 4% risk of failure)
Press: ? - help, Shift-Dir - straight line, f/p - Terence
Aim: Terence, wielding a +0 falchion and wearing a +0 chain mail (15% to evade)
The blast of sand hits Terence but does no damage.
Terence hits you with a +0 falchion!
Casting: Sandblast (safe; 4% risk of failure)
Confirm with . or Enter, or press ? or * to list all spells.
Aiming: Sandblast (safe; 4% risk of failure)
Press: ? - help, Shift-Dir - straight line, f/p - Terence
Aim: Terence, wielding a +0 falchion and wearing a +0 chain mail (15% to evade)
The blast of sand hits Terence but does no damage.
Terence closely misses you. Terence barely misses you. Terence misses you.
Terence hits you with a +0 falchion. Terence completely misses you.
Terence closely misses you. Terence closely misses you.
Terence hits you with a +0 falchion.
* * * LOW HITPOINT WARNING * * *
Terence hits you but does no damage. Terence hits you with a +0 falchion.
You die...

#... #..# . # ##..# ###. #.
...# ###.. #.# #..## #....
..##...# #.#.# #.#.#.##..#
#.#.#
......<...##########(#.####
#.#.#.##.......@@.........#
..# ##.####.####..#.##.#
#.# #.# #.# #..#.##.# #.
#.# #.# #..#.##@# .
#.####.# #..#.##.# #
#...##.####..#.##.###
###.##.#............#
#.##.#@##.#####.#(#
#†##....#...# #.#.#


You could see Terence.

Vanquished Creatures
  A worm (D:2)
  A dart slug (D:1)
  3 endoplasms
  A giant cockroach (D:2)
  4 hobgoblins
  A quokka (D:2)
  3 ball pythons (D:1)
  A bat (D:1)
  2 frilled lizards
  3 kobolds (D:1)
  2 rats (D:2)
22 creatures vanquished.

Vanquished Creatures (others)
  A goblin (D:1)
1 creature vanquished.

Grand Total: 23 creatures vanquished

Notes
Turn   | Place    | Note
-------+----------+-------------------------------------------
     0 | D:1      | tardwrangler69 the Draconian Earth Elementalist began the
                  | quest for the Orb.
     0 | D:1      | Reached XP level 1. HP: 14/14 MP: 3/3
   522 | D:1      | Reached XP level 2. HP: 18/20 MP: 5/5
   606 | D:1      | You fall into a shaft and drop 1 floor!
   963 | D:2      | Found a faded altar of an unknown god.
  1061 | D:2      | Noticed Terence
  1770 | D:2      | HP: 1/20 [Terence/+0 falchion (6)]
  1772 | D:2      | Slain by Terence

Illustrated notes

Levels and vault maps discovered:
D:1:      dpeg_arrival_more_subterranean_lakeside_camping, layout_basic,
          lemuel_old_faithful
D:2:      layout_loops_ring, basic_ecumenical_altar, uniq_jessica, uniq_terence

Action                   || total
-------------------------++-------
Melee: Unarmed           ||    33
       Short sword       ||    57
       Tailslap          ||     7
 Cast: Sandblast         ||    18
 Stab: Sleeping          ||     2
Armor: Skin              ||    31
Dodge: Dodged            ||    74

Table legend: (Time is in decaauts)
 A = Elapsed time spent in this place.
 B = Non-inter-level travel time spent in this place.
 C = Inter-level travel time spent in this place.
 D = Time resting spent in this place.
 E = Time spent auto-exploring this place.
 F = Levels seen in this place.
 G = Mean time per level.
                   A        B        C        D        E       F      G
               +--------+--------+--------+--------+--------+-----+--------+
         Total |   1780 |   1750 |     30 |    242 |   1241 |   2 |  890.0 |
       Dungeon |   1780 |   1750 |     30 |    242 |   1241 |   2 |  890.0 |
               +--------+--------+--------+--------+--------+-----+--------+

Top non-repeatable levels by time:
     D:1: 1244 daAuts
     D:2: 536 daAuts
